 Dungeon Crawl Stone Soup version 0.23-a0-586-gacb4b3f4ce (webtiles) character file.

334 Warius the Firebug (level 6, -5/32 HPs)
             Began as a Deep Elf Fire Elementalist on Dec 14, 2018.
             Shot with an arrow by a centaur (11 damage)
             ... on level 5 of the Dungeon on Dec 18, 2018.
             The game lasted 00:51:01 (6550 turns).

Warius the Firebug (Deep Elf Fire Elementalist)     Turns: 6550, Time: 00:51:01

Health: -5/32      AC:  2    Str:  6    XL:     6   Next: 27%
Magic:  8/15       EV: 13    Int: 21    God:
Gold:   145        SH:  0    Dex: 15    Spells: 9/15 levels left

rFire    . . .     SeeInvis .   g - +2 dagger (drain)
rCold    . . .     Gourm    .   (no shield)
rNeg     . . .     Faith    .   a - +0 robe
rPois    .         Spirit   .   (no helmet)
rElec    .         Reflect  .   (no cloak)
rCorr    .         Harm     .   (no gloves)
MR       +....                  (no boots)
Stlth    ++........             (no amulet)
HPRegen  0.10/turn              b - ring of protection from magic
MPRegen  0.14/turn              (no ring)

@: no status effects
A: no striking features
a: no special abilities


You were on level 5 of the Dungeon.
You were not hungry.

You visited 1 branch of the dungeon, and saw 5 of its levels.

You collected 145 gold pieces.

Inventory:

Hand Weapons
 g - a +2 dagger of draining (weapon)
Missiles
 l - 119 stones (quivered)
Armour
 a - a +0 robe (worn)
 x - a +1 leather armour of cold resistance
Jewellery
 b - a ring of protection from magic (left hand)
Wands
 m - a wand of scattershot (3)
Scrolls
 d - a scroll of remove curse
 e - 2 scrolls of identify {unknown}
 f - a scroll of blinking {unknown}
 h - a scroll of magic mapping {unknown}
 i - a scroll of immolation
 n - a scroll of random uselessness {unknown}
 o - a scroll of teleportation {unknown}
 q - 2 scrolls of amnesia {unknown}
 t - a scroll of fear {unknown}
 v - a scroll of fog {unknown}
Potions
 j - 3 potions of curing {unknown}
 k - 2 potions of brilliance {unknown}
 p - a potion of invisibility {unknown}
 r - 2 potions of might
 s - 2 potions of flight {unknown}
 u - a potion of berserk rage {unknown}
Comestibles
 c - 5 rations


   Skills:
 - Level 2.4 Dodging
 - Level 2.4 Stealth
 + Level 5.0 Spellcasting
 * Level 4.7 Conjurations
 + Level 5.1 Fire Magic


You had 9 spell levels left.
You knew the following spells:

 Your Spells              Type           Power        Failure   Level  Hunger
a - Flame Tongue          Conj/Fire      ####.        1%          1    None
b - Throw Flame           Conj/Fire      ####..       2%          2    None
c - Conjure Flame         Conj/Fire      ####....     4%          3    ##.....

Your spell library contained the following spells:

 Spells                   Type           Power        Failure   Level  Hunger
 Inner Flame              Hex/Fire       ###.....     12%         3    ##.....
 Sticky Flame             Conj/Fire      ####....     14%         4    ####...
 Fireball                 Conj/Fire      ####......   36%         5    #####..


Dungeon Overview and Level Annotations

Branches:
Dungeon (5/15)
 Temple: D:4-7

Altars:
Fedhas
Kikubaaqudgha
Nemelex Xobeh
Trog
Zin


Message History

The centaur is moderately wounded.
The centaur wields a cursed -1 shortbow.
The centaur shoots an arrow.
The arrow hits you!
Casting: Throw Flame (safe; 2% risk of failure)
Confirm with . or Enter, or press ? or * to list all spells.
Aiming: Conjure Flame (safe; 4% risk of failure)
Press: ? - help, Dir - move target cursor, p - centaur The fire ignites!
The centaur shoots an arrow.
The arrow hits you!
You hear a shout!
The centaur shoots an arrow.
The arrow closely misses you.
You see here an arrow.
The centaur shoots an arrow.
The arrow hits you!
* * * LOW HITPOINT WARNING * * *
You see here an arrow.
Casting: Conjure Flame (safe; 4% risk of failure)
Confirm with . or Enter, or press ? or * to list all spells.
Aiming: Conjure Flame (safe; 4% risk of failure)
Press: ? - help, Dir - move target cursor The fire ignites!
The centaur shoots an arrow.
The arrow hits you!
You die...

#.#######.#.
#....^..(.#.#####
#####.......#..
#c#####...# #.#
#.... #.# #.. .
#(# #.#
#ยง#####<#
#.@.....#
#########


You could see a centaur.

Vanquished Creatures
  4 orc priests
  Robin (D:2)
  4 gnolls (D:2)
  7 adders
  2 oozes (D:3)
  An adder skeleton (D:4)
  4 worms
  3 leopard geckos
  10 orcs
  A ball python (D:4)
  2 giant cockroaches
  17 goblins
  8 hobgoblins
  4 bats
  2 frilled lizards
  A kobold (D:2)
  A leopard gecko skeleton (D:4)
  9 rats
81 creatures vanquished.

Notes
Turn   | Place    | Note
-------+----------+-------------------------------------------
     0 | D:1      | Warius the Deep Elf Fire Elementalist began the quest for
                  | the Orb.
     0 | D:1      | Reached XP level 1. HP: 10/10 MP: 6/6
   255 | D:1      | Reached XP level 2. HP: 15/15 MP: 5/8
   910 | D:2      | Learned a level 2 spell: Throw Flame
  1141 | D:2      | Reached XP level 3. HP: 19/19 MP: 2/9
  1887 | D:2      | Noticed Robin
  1957 | D:2      | Learned a level 3 spell: Conjure Flame
  2127 | D:2      | Killed Robin
  2127 | D:2      | Reached XP level 4. HP: 24/24 MP: 5/11
  3283 | D:3      | Reached XP level 5. HP: 28/28 MP: 5/13
  5250 | D:4      | Found a sparkling altar of Nemelex Xobeh.
  5454 | D:4      | Found an ancient bone altar of Kikubaaqudgha.
  5455 | D:4      | Found a blossoming altar of Fedhas.
  5495 | D:4      | Found a glowing silver altar of Zin.
  5808 | D:3      | Upgraded the game from 0.23-a0-577-g2b1de944cd to
                  | 0.23-a0-584-g44dd78f40d
  5808 | D:3      | Upgraded the game from 0.23-a0-584-g44dd78f40d to
                  | 0.23-a0-586-gacb4b3f4ce
  5821 | D:4      | Reached XP level 6. HP: 30/32 MP: 1/15
  6024 | D:4      | Found a bloodstained altar of Trog.
  6166 | D:4      | Reached skill level 5 in Fire Magic
  6167 | D:4      | Reached skill level 5 in Spellcasting
  6528 | D:5      | Entered Level 5 of the Dungeon
  6550 | D:5      | Shot with an arrow by a centaur

Vault maps used:
D:1:      evilmike_arrival_rings, minivault_5, minmay_tromino_v4_a
D:2:      minmay_skewed_foursquare, minmay_unequal, uniq_robin
D:4:      grunt_temple_overflow_growth_and_decay,
          nemelex_xobeh_ov_fountains_minmay, amethyst_overflow_temple_binary
D:5:      lemuel_crystal_altar, first_ration, kennysheep_crisscross,
          minmay_bent, uniq_pikel

Skill      XL: |  1  2  3  4  5  6 |
---------------+-------------------+-----
Fire Magic     | 4 5 |  5.1
Conjurations   | 2 3 4 |  4.7
Spellcasting   | 4 5 |  5.0
Dodging        | |  2.4
Stealth        | |  2.4

Action                   |  1- 3 |  4- 6 || total
-------------------------+-------+-------++-------
Melee: Short sword       |     5 |       ||     5
       Dagger            |       |     3 ||     3
Throw: Stone             |     5 |       ||     5
 Cast: Flame Tongue      |    35 |    46 ||    81
       Throw Flame       |    30 |    60 ||    90
       Conjure Flame     |     2 |    11 ||    13
  Use: Potion            |     1 |       ||     1
       Scroll            |       |     2 ||     2
  Eat: Chunk             |     1 |     1 ||     2
       Ration            |     1 |     4 ||     5
Armor: Robe              |     2 |       ||     2
       Skin              |     6 |       ||     6
Dodge: Dodged            |     8 |     5 ||    13

Table legend:
 A = Non-vault XP
 B = Vault XP
 C = Vault XP percentage of total XP
 D = Non-vault monster count
 E = Vault monster count
 F = Vault count percentage of total count
                 A         B        C        D         E       F
            +---------+---------+-------+---------+---------+-------
      Total |     372 |     106 |  22.2 |      55 |      26 |  32.1
            +---------+---------+-------+---------+---------+-------
        D:1 |      15 |       3 |  16.7 |      10 |       2 |  16.7
        D:2 |      67 |     103 |  60.6 |      11 |      24 |  68.6
        D:3 |     134 |       0 |   0.0 |      23 |       0 |   0.0
        D:4 |     156 |       0 |   0.0 |      11 |       0 |   0.0
            +---------+---------+-------+---------+---------+-------
